 Dungeon Crawl Stone Soup version 0.31-a0-590-g8a5a4361df (webtiles) character file.

Game seed: 15758261846978218861

821 cforsyth the Charlatan (level 7, 0/53 HPs)
             Began as a Gnoll Artificer on Aug 19, 2023.
             Succumbed to a killer bee's poison
             ... on level 7 of the Dungeon.
             The game lasted 00:08:23 (5765 turns).

cforsyth the Charlatan (Gnoll Artificer)            Turns: 5765, Time: 00:08:24

Health: 0/53       AC:  8    Str: 13    XL:     7   Next: 95%
Magic:  20/20      EV: 12    Int: 11    God:
Gold:   302        SH:  0    Dex: 12    Spells: 11/11 levels left

rFire   . . .        s - +4 dagger
rCold   + . .        (no shield)
rNeg    . . .        m - +5 leather armour of Rusil {rC+}
rPois   .            (no helmet)
rElec   .            (no cloak)
rCorr   +            (no gloves)
SInv    .            (no boots)
Will    .....        (no amulet)
Stlth   ++           i - ring of magical power
HPRegen 0.28/turn    n - ring of resist corrosion
MPRegen 0.17/turn

%: no passive effects
@: lethally poisoned (0 -> -9), hasted, very quick
A: fangs 1, strong nose, distributed training
a: no special abilities


You were on level 7 of the Dungeon.
You visited 1 branch of the dungeon, and saw 6 of its levels.

You collected 302 gold pieces.

Inventory:

Hand Weapons
 a - a +0 club
 s - a +4 dagger (weapon)
Armour
 m - the +5 leather armour of Rusil (worn) {rC+}
   (You found it on level 2 of the Dungeon)

   rC+:       It protects you from cold.
Jewellery
 i - a ring of magical power (left hand)
 n - a ring of resist corrosion (right hand)
Wands
 d - a wand of charming (13)
Scrolls
 f - 4 scrolls of identify {unknown}
 h - a scroll of brand weapon {unknown}
 j - a scroll of fog {unknown}
 k - a scroll of enchant armour {unknown}
 o - a scroll of revelation {unknown}
 r - a scroll of poison {unknown}
Potions
 b - a potion of mutation {unknown}
 c - a potion of might {unknown}
 g - a potion of attraction {unknown}
 l - a potion of haste
 p - a potion of resistance {unknown}
 q - 2 potions of curing {unknown}


   Skills:
 + Level 3.9 Fighting
 + Level 2.8 Short Blades
 + Level 2.8 Long Blades
 + Level 2.8 Axes
 + Level 2.8 Maces & Flails
 + Level 2.8 Polearms
 + Level 2.8 Staves
 + Level 2.8 Ranged Weapons
 + Level 2.8 Throwing
 + Level 5.4 Armour
 + Level 3.9 Dodging
 + Level 3.7 Stealth
 + Level 2.8 Shields
 + Level 2.8 Unarmed Combat
 + Level 2.8 Spellcasting
 + Level 2.3 Conjurations
 + Level 2.3 Hexes
 + Level 2.3 Summonings
 + Level 2.3 Necromancy
 + Level 2.3 Translocations
 + Level 2.3 Transmutations
 + Level 2.3 Fire Magic
 + Level 2.3 Ice Magic
 + Level 2.3 Air Magic
 + Level 2.3 Earth Magic
 + Level 2.3 Poison Magic
 + Level 3.1 Invocations
 + Level 7.2 Evocations
 + Level 2.3 Shapeshifting


You had 11 spell levels left.
You didn't know any spells.
Your spell library contained the following spells:

 Spells                   Type           Power      Damage    Failure   Level
 Sting                    Tmut/Pois      24%        1d4       13%         1
 Poisonous Vapours        Pois/Air       12%        N/A       19%         2
 Olgreb's Toxic Radiance  Pois           6%         N/A       77%         4


Dungeon Overview and Level Annotations

Branches:
Dungeon (7/15)             Temple (0/1) D:5

Altars:
Dithmenos
Elyvilon
Gozag

Annotations:
D:2 1 runed translucent door, Crazy Yiuf


Innate Abilities, Weirdness & Mutations

You have very sharp teeth.
Your uncanny sense of smell can sniff out nearby items.
Your experience applies equally to all skills.


Message History

You feel sick. The killer bee closely misses you. x2
You hit the killer bee.
The killer bee is heavily wounded.
You feel sick. The killer bee misses you.
You hit the killer bee. Your bite misses the killer bee.
The killer bee is heavily wounded.
You feel sick. The killer bee misses you.
The killer bee stings you but does no damage.
You hit the killer bee.
The killer bee is heavily wounded.
You feel sick. The killer bee stings you.
You are more poisoned.
The killer bee poisons you! The killer bee stings you.
You hit the killer bee.
The killer bee is severely wounded.
You feel sick.
The killer bee stings you but does no damage.
The killer bee closely misses you.
You completely miss the killer bee.
The killer bee is severely wounded.
You feel sick. The killer bee barely misses you.
You barely miss the killer bee.
The killer bee is severely wounded.
You feel sick. The killer bee barely misses you. The killer bee stings you!
* * * LOW HITPOINT WARNING * * *
You are lethally poisoned!
The killer bee poisons you!
It was a potion of haste.
You feel yourself speed up.
* * * LOW HITPOINT WARNING * * *
You feel very sick. The killer bee closely misses you.
The killer bee stings you.
* * * LOW HITPOINT WARNING * * *
You hit the killer bee. You punch the killer bee.
The killer bee is almost dead.
* * * LOW HITPOINT WARNING * * *
You feel sick.
The killer bee stings you but does no damage.
You closely miss the killer bee.
The killer bee is almost dead.
You die...

.# #...... .# .....#
.# #..†# .#########
##...# .........#
#....##.#.#
########.###.#
##........#
.............#
#..#.#.###
########.#########.#.#
# #...........@yy#.#
#.#...##.####### #
#.#.#.##.# #...#....#
##########


You could see 2 killer bees.

Vanquished Creatures
  A wyvern (D:7)
  A water moccasin (D:7)
  An ice beast (D:4)
  3 killer bees (D:7)
  2 orc priests
  3 iguanas
  An orc wizard (D:7)
  6 adders
  A shadow imp (D:7)
  A white imp (D:7)
  2 worms (D:2)
  5 dart slugs
  15 orcs
  4 ball pythons
  3 endoplasms
  3 giant cockroaches (D:3)
  10 goblins
  3 hobgoblins
  A jackal (D:3)
  2 quokkas
  6 bats
  A frilled lizard (D:1)
  4 kobolds
  8 rats
87 creatures vanquished.

Vanquished Creatures (others)
  An orc wizard (D:7)
1 creature vanquished.

Grand Total: 88 creatures vanquished

Notes
Turn   | Place    | Note
-------+----------+-------------------------------------------
     0 | D:1      | cforsyth the Gnoll Artificer began the quest for the Orb.
     0 | D:1      | Reached XP level 1. HP: 17/17 MP: 1/1
   193 | D:1      | Reached XP level 2. HP: 23/23 MP: 2/2
   509 | D:1      | Found a faded altar of an unknown god.
   801 | D:2      | Reached XP level 3. HP: 6/28 MP: 2/4
   842 | D:2      | Found a white marble altar of Elyvilon.
   931 | D:2      | Identified the +5 leather armour of Rusil {rC+}
   980 | D:2      | Reached skill level 1 in Invocations
  1039 | D:2      | Reached skill level 1 in Short Blades
  1039 | D:2      | Reached skill level 1 in Long Blades
  1039 | D:2      | Reached skill level 1 in Axes
  1039 | D:2      | Reached skill level 1 in Maces & Flails
  1039 | D:2      | Reached skill level 1 in Polearms
  1039 | D:2      | Reached skill level 1 in Staves
  1039 | D:2      | Reached skill level 1 in Ranged Weapons
  1039 | D:2      | Reached skill level 1 in Throwing
  1039 | D:2      | Reached skill level 1 in Shields
  1039 | D:2      | Reached skill level 1 in Unarmed Combat
  1039 | D:2      | Reached skill level 1 in Spellcasting
  1460 | D:2      | Reached XP level 4. HP: 28/34 MP: 5/5
  2000 | D:2      | Found a runed translucent door.
  2001 | D:2      | Noticed Crazy Yiuf
  2376 | D:3      | Found a shadowy altar of Dithmenos.
  2817 | D:3      | Reached skill level 1 in Conjurations
  2817 | D:3      | Reached skill level 1 in Hexes
  2817 | D:3      | Reached skill level 1 in Summonings
  2817 | D:3      | Reached skill level 1 in Necromancy
  2817 | D:3      | Reached skill level 1 in Translocations
  2817 | D:3      | Reached skill level 1 in Transmutations
  2817 | D:3      | Reached skill level 1 in Fire Magic
  2817 | D:3      | Reached skill level 1 in Ice Magic
  2817 | D:3      | Reached skill level 1 in Air Magic
  2817 | D:3      | Reached skill level 1 in Earth Magic
  2817 | D:3      | Reached skill level 1 in Poison Magic
  2817 | D:3      | Reached skill level 1 in Shapeshifting
  3203 | D:3      | Reached XP level 5. HP: 24/40 MP: 7/7
  3748 | D:4      | Noticed an ice beast
  3753 | D:4      | Killed an ice beast
  3754 | D:4      | Reached XP level 6. HP: 47/47 MP: 8/8
  3803 | D:4      | Found an opulent altar of Gozag.
  3961 | D:4      | Reached skill level 5 in Armour
  4281 | D:5      | Entered Level 5 of the Dungeon
  4607 | D:5      | Found a staircase to the Ecumenical Temple.
  4608 | D:5      | You fall into a shaft and drop 2 floors!
  4862 | D:7      | Noticed a water moccasin
  4868 | D:7      | Killed a water moccasin
  4869 | D:7      | Reached skill level 7 in Evocations
  4869 | D:7      | Reached XP level 7. HP: 37/52 MP: 10/10
  5017 | D:7      | Noticed a wyvern
  5024 | D:7      | Killed a wyvern
  5764 | D:7      | HP: 2/53 [poisoned by a killer bee]
  5765 | D:7      | Succumbed to a killer bee's poison

Illustrated notes

Levels and vault maps discovered:
D:1:      lightli_arrival_quake, layout_basic, basic_ecumenical_altar,
          minmay_tromino_i2
D:2:      layout_basic, basic_altar, small_statue_intersection,
          uniq_crazy_yiuf_cottage
D:3:      layout_basic, grunt_dithmenos_smoke_and_mirrors, minmay_quantized
D:4:      layout_loops_ring, nicolae_overflow_crystal_walls
D:5:      layout_loops_corners, kennysheep_mini_moat, minmay_temple_entry_wispy,
          serial_shops, shop, shop, shop, nicolae_shop_tiny_waterfront,
          nicolae_shop_crystal, uniq_duvessa
D:7:      layout_basic

Skill      XL: |  1  2  3  4  5  6  7 |
---------------+----------------------+-----
Invocations    | 1 2 3 |  3.1
Short Blades   | 1 2 |  2.8
Long Blades    | 1 2 |  2.8
Axes           | 1 2 |  2.8
Maces & Flails | 1 2 |  2.8
Polearms       | 1 2 |  2.8
Staves         | 1 2 |  2.8
Ranged Weapons | 1 2 |  2.8
Throwing       | 1 2 |  2.8
Shields        | 1 2 |  2.8
Unarmed Combat | 1 2 |  2.8
Spellcasting   | 1 2 |  2.8
Conjurations   | 1 2 |  2.3
Hexes          | 1 2 |  2.3
Summonings     | 1 2 |  2.3
Necromancy     | 1 2 |  2.3
Translocations | 1 2 |  2.3
Transmutations | 1 2 |  2.3
Fire Magic     | 1 2 |  2.3
Ice Magic      | 1 2 |  2.3
Air Magic      | 1 2 |  2.3
Earth Magic    | 1 2 |  2.3
Poison Magic   | 1 2 |  2.3
Shapeshifting  | 1 2 |  2.3
Fighting       | 3 |  3.9
Dodging        | 3 |  3.9
Stealth        | 3 |  3.7
Armour         | 5 |  5.4
Evocations     | 7 |  7.2

Action                     |  1- 3 |  4- 6 |  7- 9 || total
---------------------------+-------+-------+-------++-------
  Melee: Club              |   122 |   391 |    38 ||   551
         Bite              |    10 |    41 |    10 ||    61
         Punch             |     2 |     9 |     1 ||    12
         Dagger            |       |       |    23 ||    23
  Evoke: Wand              |     3 |    15 |     4 ||    22
    Use: Potion            |     1 |     2 |     1 ||     4
   Stab: Sleeping          |     5 |     4 |       ||     9
         Distracted        |       |       |     2 ||     2
 Armour: Leather armour    |    28 |   209 |    23 ||   260
  Dodge: Dodged            |    96 |   271 |    47 ||   414

Table legend: (Time is in decaauts)
 A = Elapsed time spent in this place.
 B = Non-inter-level travel time spent in this place.
 C = Inter-level travel time spent in this place.
 D = Time resting spent in this place.
 E = Time spent auto-exploring this place.
 F = Levels seen in this place.
 G = Mean time per level.
                   A        B        C        D        E       F      G
               +--------+--------+--------+--------+--------+-----+--------+
         Total |   5893 |   5705 |    188 |    832 |   3608 |   6 |  982.2 |
       Dungeon |   5893 |   5705 |    188 |    832 |   3608 |   6 |  982.2 |
               +--------+--------+--------+--------+--------+-----+--------+

Top non-repeatable levels by time:
     D:4: 1373 daAuts
     D:2: 1321 daAuts
     D:7: 1178 daAuts
     D:3: 1174 daAuts
     D:1: 821 daAuts
     D:5: 24 daAuts
